 Dungeon Crawl Stone Soup version 0.32-a0-960-g3814254bd7 (webtiles) character file.

Game seed: 1632020331953694525

34 funkygono the Firebug (level 3, 0/19 HPs)
             Began as a Deep Elf Fire Elementalist on Apr 17, 2024.
             Slain by Terence
             ... wielding a +0 flail
              (6 damage)
             ... on level 2 of the Dungeon.
             The game lasted 00:02:26 (1291 turns).

funkygono the Firebug (Deep Elf Fire Elementalist)  Turns: 1291, Time: 00:02:27

Health: 0/19       AC:  2    Str:  5    XL:     3   Next: 14%
Magic:  0/9        EV: 12    Int: 21    God:
Gold:   13         SH:  0    Dex: 15    Spells: 5/8 levels left

rFire   . . .        c - +1 short sword (drain)
rCold   . . .        (no shield)
rNeg    . . .        a - +0 robe
rPois   .            (no helmet)
rElec   .            (no cloak)
rCorr   .            (no gloves)
SInv    .            (no boots)
Will    .....        (no amulet)
Stlth   ++           (no ring)
HPRegen 0.23/turn    (no ring)
MPRegen 0.11/turn

%: no passive effects
@: no status effects
A: no striking features
a: no special abilities


You were on level 2 of the Dungeon.
You visited 1 branch of the dungeon, and saw 2 of its levels.

You collected 13 gold pieces.

Inventory:

Hand Weapons
 c - a +1 short sword of draining (weapon)
 e - a +0 dagger
Armour
 a - a +0 robe (worn)
Scrolls
 d - a scroll of amnesia {unknown}
 f - 2 scrolls of identify {unknown}
 g - a scroll of teleportation {unknown}
Potions
 b - 2 potions of magic
 h - a potion of heal wounds {unknown}


   Skills:
 + Level 2.8 Dodging
 + Level 2.6 Stealth
 + Level 3.4 Spellcasting
 + Level 1.2 Conjurations
 + Level 4.1 Fire Magic


You had 5 spell levels left.
You knew the following spells:

 Your Spells              Type           Power      Damage    Failure   Level
a - Foxfire               Conj/Fire      56%        2x1d6     4%          1
b - Scorch                Fire           42%        2d6       3%          2

Your spell library contained the following spells:

 Spells                   Type           Power      Damage    Failure   Level
 Kiss of Death            Conj/Necr      24%        2d7       10%         1
 Inner Flame              Hex/Fire       12%        N/A       16%         3
 Volatile Blastmotes      Fire/Tloc      24%        2d12      16%         3
 Flame Wave               Conj/Fire      14%        2d6       38%         4
 Starburst                Conj/Fire      7%         6d4       100%        6
 Fire Storm               Conj/Fire      7%         8d2       100%        9


Dungeon Overview and Level Annotations

Branches:
Dungeon (2/15)

Altars:

Annotations:
D:2 Terence


Message History

Confirm with . or Enter, or press ? or * to list all spells.
You conjure some foxfire!
The foxfire hits Terence but does no damage. x2
Unknown command.
Casting: Foxfire (safe; 4% risk of failure)
Confirm with . or Enter, or press ? or * to list all spells.
You conjure some foxfire!
The foxfire hits Terence but does no damage. x2
Casting: Foxfire (safe; 4% risk of failure)
Confirm with . or Enter, or press ? or * to list all spells.
You conjure some foxfire!
The foxfire hits Terence.
Terence is lightly wounded.
The foxfire hits Terence but does no damage.
Terence is lightly wounded.
The foxfire hits Terence but does no damage.
Terence is lightly wounded.
Casting: Foxfire (safe; 4% risk of failure)
Confirm with . or Enter, or press ? or * to list all spells.
You conjure some foxfire!
The foxfire hits Terence.
Terence is moderately wounded.
Unknown command.
Casting: Foxfire (safe; 4% risk of failure)
Confirm with . or Enter, or press ? or * to list all spells.
You conjure some foxfire!
The foxfire hits Terence.
Terence is heavily wounded.
Terence hits you with a +0 flail!
Ouch! That really hurt!
Unknown command.
Casting: Foxfire (safe; 4% risk of failure)
Confirm with . or Enter, or press ? or * to list all spells.
You conjure some foxfire!
The foxfire hits Terence but does no damage.
Terence is heavily wounded.
The foxfire hits Terence but does no damage.
Terence is heavily wounded.
The foxfire hits Terence but does no damage.
Terence is heavily wounded.
Terence hits you with a +0 flail.
You die...
Terence says, "Time to find some more victims."

.####.####.#.##
.........<###.# ....
.....####.#..# #...
#..<# ##.#.#
#..#.##...#######.####..
#..#.§......>...........
#..# #.................
#..####.v......##.#.....
#.....§@@########.####.#
##.####.v.†...# #.# #
#v#.###.###........
#.###.##.###.#.###.. #.#
##.......# # ... ##
##.##.##### #<###.# #.##
#.# ##


You could see Terence (ally target).

Vanquished Creatures
  2 dart slugs (D:1)
  5 endoplasms (D:1)
  A giant cockroach (D:1)
  2 goblins (D:1)
  3 hobgoblins (D:1)
  4 jackals (D:1)
  3 ball pythons
  3 bats (D:1)
  2 frilled lizards
  2 kobolds (D:1)
  A rat (D:1)
28 creatures vanquished.

Vanquished Creatures (others)
  83 foxfires
83 creatures vanquished.

Grand Total: 111 creatures vanquished

Notes
Turn   | Place    | Note
-------+----------+-------------------------------------------
     0 | D:1      | funkygono the Deep Elf Fire Elementalist began the quest
                  | for the Orb.
     0 | D:1      | Reached XP level 1. HP: 10/10 MP: 6/6
    24 | D:1      | Got the Tome of Kindling and Spectres
   183 | D:1      | Reached XP level 2. HP: 15/15 MP: 6/8
   195 | D:1      | Learned a level 2 spell: Scorch
   518 | D:1      | Reached skill level 4 in Fire Magic
   900 | D:1      | Reached XP level 3. HP: 19/19 MP: 6/9
  1170 | D:2      | Noticed Terence
  1291 | D:2      | Slain by Terence

Illustrated notes

Levels and vault maps discovered:
D:1:      amcnicky_arrival_gap_in_the_tavern_cellar, layout_basic,
          minmay_box_of_dots
D:2:      layout_loops_ring, minmay_randomly_rotated_circles, uniq_terence,
          uniq_robin

Skill      XL: |  1  2 |
---------------+-------+-----
Fire Magic     | 4 |  4.1
Dodging        | |  2.8
Stealth        | |  2.6
Spellcasting   | |  3.4
Conjurations   | |  1.2

Action                     || total
---------------------------++-------
   Cast: Foxfire           ||    50
         Scorch            ||     5
 Armour: Robe              ||     4
  Dodge: Dodged            ||     3

Table legend: (Time is in decaauts)
 A = Elapsed time spent in this place.
 B = Non-inter-level travel time spent in this place.
 C = Inter-level travel time spent in this place.
 D = Time resting spent in this place.
 E = Time spent auto-exploring this place.
 F = Levels seen in this place.
 G = Mean time per level.
                   A        B        C        D        E       F      G
               +--------+--------+--------+--------+--------+-----+--------+
         Total |   1290 |   1228 |     62 |     58 |    958 |   2 |  645.0 |
       Dungeon |   1290 |   1228 |     62 |     58 |    958 |   2 |  645.0 |
               +--------+--------+--------+--------+--------+-----+--------+

Top non-repeatable levels by time:
     D:1: 1245 daAuts
     D:2: 45 daAuts
